 Dungeon Crawl Stone Soup version 0.30-a0-373-gd37427bb62 (webtiles) character file.

Game seed: 9028440700967709884

3988 pokeman the Thaumaturge (level 10, -15/56 HPs)
             Began as a Deep Elf Hedge Wizard on Nov 24, 2022.
             Was a Believer of Vehumet.
             Killed from afar by an acid dragon (29 damage)
             ... with a splash of acid
             ... on level 9 of the Dungeon.
             The game lasted 00:22:02 (8272 turns).

pokeman the Thaumaturge (Deep Elf Hedge Wizard)     Turns: 8272, Time: 00:22:03

Health: -15/56     AC:  9    Str:  7    XL:     10   Next: 3%
Magic:  29/29      EV: 13    Int: 24    God:    Vehumet [**....]
Gold:   498        SH:  0    Dex: 14    Spells: 20/35 levels left

rFire   . . .      SeeInvis .    T - +4 long sword (freeze)
rCold   . . .      Faith    .    (no shield)
rNeg    . . .      Spirit   .    L - +0 steam dragon scales
rPois   +          Reflect  .    s - +2 helmet
rElec   .          Harm     .    w - +2 cloak
rCorr   .          Rampage  .    K - +0 pair of gloves
Will    +....                    (no boots)
Stlth   ++........               h - amulet of magic regeneration
HPRegen 0.29/turn                p - ring of poison resistance
MPRegen 0.61/turn                U - ring of wizardry

@: corroded
A: no striking features
a: Renounce Religion


You were on level 9 of the Dungeon.
You worshipped Vehumet.
Vehumet was pleased with you.
You visited 2 branches of the dungeon, and saw 10 of its levels.

You collected 498 gold pieces.

Inventory:

Hand Weapons
 v - a +4 quarterstaff of chaos
 y - the +1 whip of Yesterday {venom, rPois rCorr MP+9 Int-5}
   (You found it on level 3 of the Dungeon)

   It poisons the flesh of those it strikes.
   Int:       It affects your intelligence (-5).
   rPois:     It protects you from poison.
   MP:        It affects your magic capacity (+9).
   rCorr:     It protects you from acid and corrosion.
 T - a +4 long sword of freezing (weapon)
Missiles
 O - a throwing net
Armour
 s - a +2 helmet (worn)
 w - a +2 cloak (worn)
 K - a +0 pair of gloves (worn)
 L - +0 steam dragon scales (worn)
Jewellery
 h - an amulet of magic regeneration (around neck)
 l - an amulet of guardian spirit
 p - a ring of poison resistance (left hand)
 H - a +6 ring of strength
 Q - a ring of flight
 U - a ring of wizardry (right hand)
Wands
 E - a wand of charming (10)
 G - a wand of digging (5)
 M - a wand of mindburst (16)
 P - a wand of flame (49)
Scrolls
 a - 2 scrolls of poison {unknown}
 b - 2 scrolls of noise {unknown}
 f - 2 scrolls of enchant armour {unknown}
 g - 7 scrolls of identify {unknown}
 i - a scroll of brand weapon {unknown}
 n - 6 scrolls of teleportation {unknown}
 o - 2 scrolls of blinking {unknown}
 r - 5 scrolls of fog {unknown}
 z - a scroll of summoning {unknown}
 A - a scroll of immolation {unknown}
 D - a scroll of enchant weapon {unknown}
 F - a scroll of vulnerability {unknown}
 J - a scroll of amnesia {unknown}
 S - 2 scrolls of magic mapping {unknown}
Potions
 c - a potion of heal wounds {unknown}
 d - a potion of magic
 e - 3 potions of cancellation {unknown}
 j - a potion of attraction {unknown}
 k - 2 potions of might {unknown}
 m - 8 potions of curing {unknown}
 q - 2 potions of brilliance {unknown}
 t - a potion of ambrosia {unknown}
 u - 7 potions of flight {unknown}
 x - 3 potions of resistance
 B - 2 potions of haste {unknown}
 C - 3 potions of mutation {unknown}
 I - 2 potions of degeneration {unknown}
 N - a potion of berserk rage {unknown}
 R - 4 potions of lignification {unknown}


   Skills:
 + Level 3.9 Fighting
 - Level 4.0 Armour
 - Level 3.1 Dodging
 - Level 3.2 Stealth
 * Level 13.3 Spellcasting
 + Level 7.6 Conjurations
 - Level 1.1 Summonings
 - Level 1.1 Translocations
 - Level 1.0 Air Magic
 - Level 1.1 Poison Magic
 - Level 2.1 Evocations


You had 20 spell levels left.
You knew the following spells:

 Your Spells              Type           Power      Damage    Failure   Level
a - Magic Dart            Conj           100%       1d8       1%          1
b - Mephitic Cloud        Conj/Pois/Air  31%        N/A       1%          3
c - Call Imp              Summ           21%        N/A       1%          2
d - Blink                 Tloc           42%        N/A       1%          2
e - Orb of Destruction    Conj           25%        9d9       45%         7

Your spell library contained the following spells:

 Spells                   Type           Power      Damage    Failure   Level
 Searing Ray              Conj           100%       2d8       1%          2
 Apportation              Tloc           42%        N/A       1%          1
 Necrotise                Necr           64%        1d7       1%          1
 Slow                     Hex            64%        N/A       1%          1
 Sting                    Tmut/Pois      72%        1d6       1%          1
 Summon Small Mammal      Summ           84%        N/A       1%          1
 Cigotuvi's Dreadful Rot  Necr/Pois/Air  38%        N/A       1%          2
 Poisonous Vapours        Pois/Air       42%        N/A       1%          2
 Hailstorm                Conj/Ice       34%        3d9       1%          3
 Summon Guardian Golem    Hex/Summ       18%        N/A       3%          3
 Olgreb's Toxic Radiance  Pois           21%        N/A       10%         4
 Ice Form                 Ice/Tmut       16%        N/A       16%         4
 Spellforged Servitor     Conj/Summ      18%        N/A       88%         7
 Simulacrum               Ice/Necr       8%         N/A       89%         6


Dungeon Overview and Level Annotations

Branches:
Dungeon (9/15)             Temple (1/1) D:6
   Lair: D:8-11         Orc: D:9-12

Altars:
Gozag
Hepliaklqana
Kikubaaqudgha
Nemelex Xobeh
Okawaru
Qazlal
Sif Muna
Trog
Vehumet
Wu Jian
Xom
Yredelemnul
The Shining One

Shops:
D:3 :   D:8 [

Annotations:
D:6 1 runed translucent door, Taurus's ghost, novice MiFi


Message History

The centaur hits itself.
The centaur kicks itself.
The kobold throws a stone.
Your memorisation is interrupted.
The stone hits you but does no damage. The gnoll hits you but does no damage.
Casting: Mephitic Cloud (safe; 1% risk of failure)
Confirm with . or Enter, or press ? or * to list all spells.
A metallic apparition takes form in the air.
The kobold throws a stone.
The stone misses you. The acid dragon spits acid at you.
The splash of acid hits you!!
Ouch! That really hurt!
The acid corrodes you!
The centaur is engulfed in noxious fumes.
The centaur appears confused.
The kobold throws a stone.
The stone hits you.
The centaur closely misses the kobold brigand. x2
Unknown command.
You swap places.
Your iron imp hits the acid dragon.
Unknown command.
The acid dragon closely misses your iron imp. x2
Your iron imp hits the acid dragon but does no damage.
The acid dragon bites your iron imp.
The acid dragon claws your iron imp but does no damage.
Your iron imp hits the acid dragon.
Memorise Hailstorm, consuming 3 spell levels and leaving 17?
The acid dragon bites your iron imp!
The acid dragon closely misses your iron imp.
Your iron imp hits the acid dragon!
You start memorising the spell.
You continue memorising.
The acid dragon bites your iron imp.
Your iron imp dies!
Your iron imp disappears in a puff of smoke!
You continue memorising.
The acid dragon spits acid at you.
Your memorisation is interrupted.
The splash of acid hits you!
* * * LOW HITPOINT WARNING * * *
Unknown command.
The acid dragon spits acid at you. The splash of acid hits you!!
Ouch! That really hurt!
You die...

. ... #.... ######.)....
####>.DgK))..>.
##....####...... ##<@####
.c... ## ###..## #. ....
..# ##...## ... ...
...#####..###... ..
.........####.#.# # .
........##......# .#).
...........###.######...#.
........#####..#..........
..............#...........


You could see an acid dragon (catching breath), a gnoll bouda and a kobold.

Vanquished Creatures
  A hornet (D:8)
  A wyvern (D:7)
  3 steam dragons
  A water moccasin (D:7)
  3 sky beasts (D:8)
  4 ice beasts
  2 black bears (D:6)
  3 centaurs
  A kobold brigand (D:7)
  2 bullfrogs (D:7)
  3 scorpions
  8 wights
  5 killer bees (D:8)
  A howler monkey (D:9)
  3 gnoll boudas
  3 hounds
  2 orc priests
  Crazy Yiuf (D:2)
  Ijyb (D:5)
  Natasha (thrice) (D:3)
  2 iguanas
  5 orc wizards
  19 gnolls
  5 adders
  A shadow imp (D:8)
  2 ufetubi (D:5)
  2 worms
  2 dart slugs
  15 orcs
  7 ball pythons
  4 bats
  5 endoplasms
  2 giant cockroaches
  4 goblins
  3 hobgoblins
  3 jackals (D:2)
  15 kobolds
  3 quokkas
  6 rats
156 creatures vanquished.

Vanquished Creatures (collateral kills)
  Edmund (D:6)
  A wight (D:8)
2 creatures vanquished.

Vanquished Creatures (others)
  A killer bee (D:8)
1 creature vanquished.

Grand Total: 159 creatures vanquished

Notes
Turn   | Place    | Note
-------+----------+-------------------------------------------
     0 | D:1      | pokeman the Deep Elf Hedge Wizard began the quest for the
                  | Orb.
     0 | D:1      | Reached XP level 1. HP: 10/10 MP: 7/7
   195 | D:1      | Found a faded altar of an unknown god.
   407 | D:1      | Reached XP level 2. HP: 11/16 MP: 5/9
  1248 | D:2      | Reached skill level 5 in Spellcasting
  1280 | D:2      | Reached XP level 3. HP: 20/20 MP: 8/11
  1284 | D:2      | Learned a level 3 spell: Mephitic Cloud
  1287 | D:2      | Learned a level 2 spell: Call Imp
  1290 | D:2      | Learned a level 2 spell: Blink
  1754 | D:2      | Found a runed translucent door.
  1755 | D:2      | Noticed Crazy Yiuf
  1777 | D:2      | Killed Crazy Yiuf
  1778 | D:2      | Reached skill level 1 in Fighting
  1778 | D:2      | Reached skill level 1 in Armour
  1778 | D:2      | Reached XP level 4. HP: 10/25 MP: 5/13
  1924 | D:3      | Found an ancient bone altar of Kikubaaqudgha.
  2321 | D:3      | Found Ejaabb's Vocational Training.
  2323 | D:3      | Noticed Natasha
  2329 | D:3      | Killed Natasha
  2330 | D:3      | Reached skill level 6 in Spellcasting
  2330 | D:3      | Reached XP level 5. HP: 29/29 MP: 10/15
  2403 | D:3      | Identified the +1 whip of Yesterday {venom, rPois rCorr
                  | MP+9 Int-5}
  2421 | D:3      | You fall into a shaft and drop 2 floors!
  2421 | D:5      | Entered Level 5 of the Dungeon
  2677 | D:3      | Found a shimmering blue altar of Sif Muna.
  2899 | D:3      | Noticed Natasha
  2906 | D:3      | Killed Natasha
  3072 | D:3      | Noticed Natasha
  3085 | D:3      | Killed Natasha
  3137 | D:4      | Reached XP level 6. HP: 25/35 MP: 14/17
  3443 | D:4      | Found a bloodstained altar of Trog.
  3611 | D:5      | Noticed an ice beast
  3750 | D:5      | Reached skill level 7 in Spellcasting
  3830 | D:5      | Killed an ice beast
  3861 | D:5      | Reached XP level 7. HP: 23/40 MP: 18/20
  3966 | D:5      | Found a hazy altar of Hepliaklqana.
  3999 | D:5      | Reached skill level 1 in Air Magic
  3999 | D:5      | Reached skill level 1 in Poison Magic
  4235 | D:5      | Noticed Ijyb
  4245 | D:5      | Killed Ijyb
  4246 | D:5      | Reached skill level 8 in Spellcasting
  4378 | D:6      | Noticed Edmund
  4411 | D:6      | Reached skill level 1 in Evocations
  4437 | D:6      | Killed Edmund
  4598 | D:6      | Found a staircase to the Ecumenical Temple.
  4606 | Temple   | Entered the Ecumenical Temple
  4627 | Temple   | Became a worshipper of Vehumet
  4817 | D:6      | Found a runed translucent door.
  4817 | D:6      | Noticed Taurus's ghost (novice MiFi)
  4881 | D:6      | Reached skill level 9 in Spellcasting
  4881 | D:6      | Reached XP level 8. HP: 33/45 MP: 23/23
  5613 | D:7      | Reached skill level 5 in Conjurations
  5766 | D:6      | Reached skill level 10 in Spellcasting
  6287 | D:7      | Reached skill level 11 in Spellcasting
  6301 | D:7      | Reached XP level 9. HP: 47/50 MP: 26/26
  6375 | D:7      | Reached * piety under Vehumet
  6375 | D:7      | Offered knowledge of Sandblast by Vehumet.
  7221 | D:8      | Reached skill level 12 in Spellcasting
  7294 | D:8      | Found Ymun's Antique Armour Emporium.
  7734 | D:8      | Reached skill level 13 in Spellcasting
  7819 | D:8      | Offered knowledge of Searing Ray by Vehumet.
  8078 | D:8      | Reached ** piety under Vehumet
  8088 | D:8      | Learned a level 7 spell: Orb of Destruction
  8197 | D:9      | Reached XP level 10. HP: 56/56 MP: 29/29
  8272 | D:9      | Killed from afar by an acid dragon

Illustrated notes

Levels and vault maps discovered:
D:1:      lightli_iron_boxes, layout_basic, shapermc_ecumenical_altar_gd,
          minivault_25
D:2:      layout_loops_ring, uniq_crazy_yiuf_cottage
D:3:      minmay_bubble_buster, layout_loops_corners,
          mainiacjoe_overflow_small_starburst, lemuel_blue_sif_altar,
          nicolae_shop_vocational, uniq_natasha
D:4:      layout_rooms, bloody_trog
D:5:      layout_gridville, nicolae_overflow_hidden_temple, uniq_ijyb
D:6:      layout_loops_corners, minmay_temple_entry_butterflies,
          gammafunk_ghost_grave, kennysheep_crisscross, uniq_edmund
D:7:      layout_loops_ring
D:8:      layout_basic, serial_shops, shop, st_stairs_14, hangedman_misty_isle
D:9:      layout_rooms, nicolae_dithmenos_the_darkroom,
          mainiacjoe_overflow_brackets, minmay_large_rounded_square, uniq_joseph
Temple:   chequers_temple_sunken

Skill      XL: |  1  2  3  4  5  6  7  8  9 |
---------------+----------------------------+-----
Spellcasting   | 5 6 7 9 11 13 | 13.3
Conjurations   | 2 3 4 6 7 |  7.6
Fighting       | 1 2 3 |  3.9
Armour         | 1 2 3 4 |  4.0
Dodging        | 3 |  3.1
Stealth        | 3 |  3.2
Air Magic      | 1 |  1.0
Poison Magic   | 1 |  1.1
Evocations     | 2 |  2.1
Summonings     | |  1.1
Translocations | |  1.1

Action                   |  1- 3 |  4- 6 |  7- 9 | 10-12 || total
-------------------------+-------+-------+-------+-------++-------
Melee: Dagger            |    22 |     7 |       |       ||    29
       Whip              |       |    33 |       |       ||    33
       Spear             |       |    20 |   178 |       ||   198
       Punch             |       |       |     4 |       ||     4
       Long sword        |       |       |    25 |     3 ||    28
 Cast: Magic Dart        |    80 |   100 |   175 |     2 ||   357
       Mephitic Cloud    |     1 |    11 |    35 |     2 ||    49
       Call Imp          |     1 |     1 |    12 |     1 ||    15
       Blink             |       |     5 |     5 |       ||    10
 Stab: Confused          |     1 |     5 |    34 |       ||    40
Armor: Leather armour    |     6 |    28 |    28 |       ||    62
       Steam dragon scal |       |       |    55 |     3 ||    58
Dodge: Dodged            |    15 |    57 |   140 |     6 ||   218

Table legend: (Time is in decaauts)
 A = Elapsed time spent in this place.
 B = Non-inter-level travel time spent in this place.
 C = Inter-level travel time spent in this place.
 D = Time resting spent in this place.
 E = Time spent auto-exploring this place.
 F = Levels seen in this place.
 G = Mean time per level.
                   A        B        C        D        E       F      G
               +--------+--------+--------+--------+--------+-----+--------+
         Total |   8320 |   7953 |    367 |    225 |   6221 |  10 |  832.0 |
       Dungeon |   8278 |   7926 |    352 |    225 |   6209 |   9 |  919.8 |
        Temple |     42 |     27 |     15 |      0 |     11 |   1 |   42.0 |
               +--------+--------+--------+--------+--------+-----+--------+

Top non-repeatable levels by time:
     D:7: 1345 daAuts
     D:6: 1323 daAuts
     D:3: 1192 daAuts
     D:8: 1132 daAuts
     D:1: 1037 daAuts
     D:2: 842 daAuts
     D:5: 831 daAuts
     D:4: 486 daAuts
     D:9: 86 daAuts
  Temple: 42 daAuts
